 Dungeon Crawl Stone Soup version 0.32-a0-913-g739538afd8 (webtiles) character file.

Game seed: 16960404367553706349

184 Moa the Shooter (level 5, -3/28 HPs)
             Began as a Spriggan Hunter on Apr 9, 2024.
             Slain by a gnoll
             ... wielding a +0 flail
              (11 damage)
             ... on level 3 of the Dungeon.
             The game lasted 00:06:26 (2394 turns).

Moa the Shooter (Spriggan Hunter)                   Turns: 2394, Time: 00:06:26

Health: -3/28      AC:  4    Str:  7    XL:     5   Next: 36%
Magic:  6/6        EV:  7    Int: 11    God:
Gold:   135        SH:  0    Dex: 20    Spells: 4/4 levels left

rFire   . . .        a - +0 shortbow
rCold   . . .        (shield currently unavailable)
rNeg    . . .        c - +0 robe
rPois   .            (helmet restricted)
rElec   .            k - +1 cloak
rCorr   .            (gloves unavailable)
SInv    +            (boots unavailable)
Will    .....        (no amulet)
Stlth   ++           (no ring)
HPRegen 0.24/turn    (no ring)
MPRegen 0.10/turn

%: no passive effects
@: constricted, very quick
A: very small, no large weapons, unfitting armour, see invisible, speed 3
a: no special abilities


You were on level 3 of the Dungeon.
You visited 1 branch of the dungeon, and saw 4 of its levels.

You collected 177 gold pieces.
You spent 42 gold pieces at shops.

Inventory:

Hand Weapons
 a - a +0 shortbow (weapon)
Armour
 c - a +0 robe (worn)
 k - a +1 cloak (worn)
Jewellery
 w - the ring of Leto {rElec rN+++ Int+3 Dex-2 SInv}
   (You found it on level 3 of the Dungeon)

   [ring of see invisible]

   Int+3:     It affects your intelligence (+3).
   Dex-2:     It affects your dexterity (-2).
   rElec:     It insulates you from electricity.
   rN+++:     It renders you almost immune to negative energy.
   SInv:      It lets you see invisible.
Scrolls
 b - a scroll of butterflies
 d - 4 scrolls of identify {unknown}
 g - 3 scrolls of acquirement {unknown}
 h - a scroll of torment {unknown}
 j - a scroll of fear {unknown}
 m - a scroll of vulnerability {unknown}
 n - a scroll of immolation {unknown}
 p - a scroll of teleportation {unknown}
 y - a scroll of revelation {unknown}
Potions
 e - a potion of experience {unknown}
 f - a potion of might {unknown}
 i - a potion of curing {unknown}
 l - 2 potions of heal wounds {unknown}
 o - 2 potions of resistance {unknown}
 q - a potion of magic {unknown}
 r - a potion of lignification {unknown}
 s - 2 potions of invisibility {unknown}
 t - a potion of enlightenment {unknown}
 u - a potion of attraction {unknown}
 v - a potion of brilliance {unknown}
 x - a potion of degeneration {unknown}
 z - a potion of ambrosia {unknown}


   Skills:
 * Level 2.8 Fighting
 + Level 6.0 Ranged Weapons
 - Level 2.6 Dodging
 - Level 1.5 Stealth


You had 4 spell levels left.
You didn't know any spells.
Your spell library contained the following spells:

 Spells                   Type           Power      Damage    Failure   Level
 Hailstorm                Conj/Ice       0%         3d5       71%         3
 Summon Ice Beast         Ice/Summ       0%         N/A       71%         3
 Permafrost Eruption      Ice/Erth       0%         2x4d1     100%        6
 Sculpt Simulacrum        Ice/Alch       0%         N/A       100%        6


Dungeon Overview and Level Annotations

Branches:
Dungeon (4/15)
 Temple: D:4-7

Altars:

Shops:
D:3 *

Annotations:
D:1 exclusion: downstairs
D:2 exclusion: downstairs
D:3 Ijyb


Innate Abilities, Weirdness & Mutations

You are very small and have problems with some larger weapons.
You are too small for most types of armour.
You have supernaturally acute eyesight. (SInv)
You cover ground extremely quickly. (Speed+++)


Message History

The arrow hits the gnoll!
You kill the gnoll!
You shoot an arrow.
The arrow hits the gnoll but does no damage.
A gnoll comes into view. It is wielding a +0 club.
There is a stone staircase leading up here.
You shoot an arrow. The arrow hits the gnoll.
The gnoll is lightly wounded.
You shoot an arrow. The arrow hits the gnoll!
The gnoll is severely wounded.
You shoot an arrow.
The arrow hits the ball python but does no damage.
You shoot an arrow.
The arrow barely misses the ball python.
The arrow hits the gnoll.
The gnoll is heavily wounded.
You shoot an arrow. The arrow hits the ball python.
The ball python is moderately wounded.
The ball python barely misses you. The ball python misses you.
The ball python bites you. The ball python closely misses you.
The gnoll closely misses you.
The gnoll shouts!
The ball python barely misses you. The ball python completely misses you.
The gnoll closely misses you. The gnoll hits you with a +0 club.
You climb upwards.
Level annotation: Ijyb
There is a stone staircase leading down here.
Unknown command.
You shoot an arrow. The arrow closely misses the gnoll.
The ball python bites you. The ball python misses you.
The gnoll hits you with a +0 flail! The gnoll hits you with a +0 club.
You shoot an arrow.
Ijyb shouts!
The arrow hits the gnoll.
You kill the gnoll!
The ball python misses you. The ball python grabs you.
The ball python constricts you.
* * * LOW HITPOINT WARNING * * *
The gnoll hits you with a +0 flail!
You die...

...........#...######..........#.
######.#.#.#...######.....######.
#####.#.#.#.......##............
##.......#.#..####.##............
........†#.#..####.##............
.........#.#.....#.##............
...###.#.###.# #g#.##.....#......
...# #.#.....###S#.##......#.....
...###.#.!.....g@#.##......#.....
.......#.#######)#...............
..<.###..#.....#.#.#########†....
.(.......#.#.#.#.### #....†......
.....###...#.#...## #...........
.....# #.#.#.#.#..# #...........
.....# #.#.....#..# #....)......
.....# #.#######..# #...........
###### ##..)....#.# #.########..


You could see Ijyb, a gnoll and a ball python.

Vanquished Creatures
  A bombardier beetle (D:3)
  6 adders
  2 gnolls
  7 dart slugs
  2 ribbon worms
  An orc (D:3)
  4 ball pythons
  5 bats
  4 endoplasms
  4 giant cockroaches
  4 hobgoblins
  4 jackals
  2 kobolds
  7 quokkas
  9 frilled lizards
  4 goblins
  4 rats
70 creatures vanquished.

Notes
Turn   | Place    | Note
-------+----------+-------------------------------------------
     0 | D:1      | Moa the Spriggan Hunter began the quest for the Orb.
     0 | D:1      | Reached XP level 1. HP: 10/10 MP: 2/2
   208 | D:1      | Reached XP level 2. HP: 15/15 MP: 3/3
   689 | D:2      | Found the +1 Delatra's gloves {ID++}
   708 | D:2      | Reached XP level 3. HP: 11/18 MP: 4/4
   842 | D:2      | Found a faded altar of an unknown god.
   960 | D:2      | Reached skill level 5 in Ranged Weapons
  1439 | D:2      | Reached XP level 4. HP: 23/23 MP: 5/5
  1634 | D:3      | Noticed Ijyb
  1784 | D:3      | Reached XP level 5. HP: 27/27 MP: 6/6
  2011 | D:3      | Found Reogiont's Assorted Antiques.
  2019 | D:3      | Bought a metallic inky potion for 14 gold pieces
  2019 | D:3      | Bought a cyan potion for 14 gold pieces
  2019 | D:3      | Bought a pink potion for 14 gold pieces
  2066 | D:3      | Identified the ring of Leto {rElec rN+++ Int+3 Dex-2 SInv}
  2113 | D:3      | Reached skill level 6 in Ranged Weapons
  2394 | D:3      | Slain by a gnoll

Illustrated notes

Levels and vault maps discovered:
D:1:      minmay_arrival_jagged, layout_rooms
D:2:      layout_loops_ring, chequers_ecumenical_altar_simple,
          minmay_misc_feat_tower, st_stairs_14
D:3:      layout_basic, serial_glass, glass_columns_a, glass_columns_c,
          serial_shops, shop, minmay_checkerbox, uniq_ijyb
D:4:      layout_rooms, nzn_wu_jian_contemplation

Skill      XL: |  1  2  3  4  5 |
---------------+----------------+-----
Fighting       | 2 |  2.8
Ranged Weapons | 5 6 |  6.0
Dodging        | |  2.6
Stealth        | |  1.5

Action                     |  1- 3 |  4- 6 || total
---------------------------+-------+-------++-------
   Fire: Shortbow          |   118 |    97 ||   215
 Armour: Robe              |    20 |    21 ||    41
  Dodge: Dodged            |    39 |    22 ||    61

Table legend: (Time is in decaauts)
 A = Elapsed time spent in this place.
 B = Non-inter-level travel time spent in this place.
 C = Inter-level travel time spent in this place.
 D = Time resting spent in this place.
 E = Time spent auto-exploring this place.
 F = Levels seen in this place.
 G = Mean time per level.
                   A        B        C        D        E       F      G
               +--------+--------+--------+--------+--------+-----+--------+
         Total |   1641 |   1565 |     76 |     67 |   1081 |   4 |  410.2 |
       Dungeon |   1641 |   1565 |     76 |     67 |   1081 |   4 |  410.2 |
               +--------+--------+--------+--------+--------+-----+--------+

Top non-repeatable levels by time:
     D:3: 570 daAuts
     D:1: 555 daAuts
     D:2: 496 daAuts
     D:4: 18 daAuts
